 Dungeon Crawl Stone Soup version 0.31.0-11-ge490571c62 (webtiles) character file.

Game seed: 3978779899093064344

2881 michi1438 the Cleaver (level 9, -1/79 HPs)
             Began as a Hill Orc Fighter on Jan 27, 2024.
             Was a Believer of Beogh.
             Killed from afar by an electric eel (12 damage)
             ... with a bolt of electricity
             ... on level 6 of the Dungeon.
             The game lasted 00:22:33 (5043 turns).

michi1438 the Cleaver (Hill Orc Fighter)            Turns: 5043, Time: 00:22:34

Health: -1/79      AC:  6    Str: 23    XL:     9   Next: 76%
Magic:  10/10      EV: 12    Int:  8    God:    Beogh [**....]
Gold:   483        SH:  4    Dex: 10    Spells: 8/8 levels left

rFire   + + .        u - +9 broad axe "Utymp" {freeze, SInv}
rCold   + . .        c - +0 buckler
rNeg    . . .        n - +0 leather armour "Wynler" {+Inv rC+ Regen+ Stlth-}
rPois   +            (no helmet)
rElec   .            (no cloak)
rCorr   .            p - +0 pair of gloves of Maobros {Rampage rPois rF++}
SInv    +            o - +0 pair of boots
Will    .....        (no amulet)
Stlth   +            v - +4 ring of slaying
HPRegen 1.13/turn    (no ring)
MPRegen 0.12/turn

%: random rage (3%), rampage
@: about to teleport, very slow
A: camouflage 1, berserk 1
a: Renounce Religion, Evoke Invisibility, Smiting


You were on level 6 of the Dungeon.
You worshipped Beogh.
Beogh was pleased with you.
You visited 1 branch of the dungeon, and saw 6 of its levels.
You also visited: Ossuary.

You collected 483 gold pieces.

Inventory:

Hand Weapons
 a - a +1 war axe of flaming
 u - the +9 broad axe "Utymp" (weapon) {freeze, SInv}
   (You acquired it on level 6 of the Dungeon)

   SInv:      It lets you see invisible.
Missiles
 j - 9 poisoned darts (quivered)
 m - 9 boomerangs
Armour
 b - a +0 scale mail
 c - a +0 buckler (worn)
 i - the +1 helmet "Plog" {Rampage rCorr MP+9 Str-4}
   (You found it on level 2 of the Dungeon)

   Str-4:     It affects your strength (-4).
   MP+9:      It affects your magic capacity (+9).
   rCorr:     It protects you from acid and corrosion.
   Rampage:   It bestows one free step when moving towards enemies.
 n - the +0 leather armour "Wynler" (worn) {+Inv rC+ Regen+ Stlth-}
   (You found it on level 3 of the Dungeon)

   rC+:       It protects you from cold.
   +Inv:      It lets you turn invisible.
   Regen+:    It increases your rate of health regeneration.
   Stlth-:    It makes you less stealthy.
 o - a +0 pair of boots (worn)
 p - the +0 pair of gloves of Maobros (worn) {Rampage rPois rF++}
   (You found it on level 5 of the Dungeon)

   rF++:      It greatly protects you from fire.
   rPois:     It protects you from poison Rampage: It bestows one free step when
   moving towards enemies.
Jewellery
 v - a +4 ring of slaying (left hand)
 x - an amulet of reflection
Wands
 y - a wand of flame (20)
Scrolls
 d - 2 scrolls of fog
 e - 5 scrolls of teleportation
 h - a scroll of blinking
 l - a scroll of poison
 q - a scroll of torment
 s - a scroll of brand weapon
 w - a scroll of identify
 z - a scroll of vulnerability
 A - a scroll of enchant weapon
Potions
 f - 3 potions of curing
 g - a potion of cancellation {unknown}
 k - a potion of mutation
 r - 4 potions of might
 t - 2 potions of invisibility


   Skills:
 * Level 7.2 Fighting
 * Level 12.6 Axes
 + Level 1.2 Throwing
 * Level 5.6 Armour
 + Level 3.3 Dodging
 + Level 1.1 Stealth
 * Level 4.7 Shields
 * Level 2.0 Invocations


You had 8 spell levels left.
You didn't know any spells.
Your spell library contained the following spells:

 Spells                   Type           Power      Damage    Failure   Level
 Freeze                   Ice            0%         1d3       52%         1
 Call Imp                 Summ           0%         N/A       65%         2
 Sublimation of Blood     Necr           0%         N/A       65%         2
 Frozen Ramparts          Ice            0%         1d1       87%         3
 Hailstorm                Conj/Ice       0%         3d5       87%         3
 Stone Arrow              Conj/Erth      0%         3d7       87%         3
 Anguish                  Hex/Necr       0%         N/A       99%         4
 Animate Armour           Summ/Erth      0%         N/A       99%         4
 Cause Fear               Hex            0%         N/A       99%         4
 Enfeeble                 Hex            0%         N/A       100%        7
 Summon Hydra             Summ           0%         N/A       100%        7
 Lehudib's Crystal Spear  Conj/Erth      0%         10d2      100%        8


Dungeon Overview and Level Annotations

Branches:
Dungeon (6/15)             Temple (0/1) D:6         Ossuary (visited)

Altars:
Cheibriados
Nemelex Xobeh
Uskayaw
Vehumet
Yredelemnul
The Shining One


Innate Abilities, Weirdness & Mutations

Your skin changes colour to match your surroundings (Stealth+).
You sometimes lose your temper in combat.


Message History

The bolt of electricity misses the electric eel.
The bolt of electricity misses you.
The electric eel shoots out a bolt of lightning at you!
The bolt of electricity hits the electric eel.
The electric eel completely resists.
The bolt of electricity hits you!
You see here 8 stones.
You enter the shallow water.
Moving in this stuff is going to be slow.
The electric eel shoots out a bolt of lightning at you!
The bolt of electricity hits the electric eel.
The electric eel completely resists.
The bolt of electricity hits you!
The electric eel shoots out a bolt of lightning at you!
The bolt of electricity hits the electric eel.
The electric eel completely resists.
The bolt of electricity misses you.
Your unstable footing causes you to fumble your attack.
The electric eel shoots out a bolt of lightning at you!
The bolt of electricity hits the electric eel.
The electric eel completely resists.
The bolt of electricity hits you.
The electric eel shoots out a bolt of lightning at you!
The bolt of electricity hits you!
* * * LOW HITPOINT WARNING * * *
As you read the scroll of teleportation, it crumbles to dust.
You feel strangely unstable.
The electric eel shoots out a bolt of lightning at you!
The bolt of electricity hits the electric eel.
The electric eel completely resists.
The bolt of electricity hits you!
* * * LOW HITPOINT WARNING * * *
The electric eel shoots out a bolt of lightning at you!
The bolt of electricity hits the electric eel.
The electric eel completely resists.
The bolt of electricity hits you!
* * * LOW HITPOINT WARNING * * *
You feel better.
The electric eel shoots out a bolt of lightning at you!
The bolt of electricity hits you!
* * * LOW HITPOINT WARNING * * *
You feel better.
The electric eel shoots out a bolt of lightning at you!
The bolt of electricity hits the electric eel.
The electric eel completely resists.
The bolt of electricity hits you!
You die...

#.~≈≈≈≈≈.≈≈≈≈≈.S≈≈
#.~≈♣♣♣≈~≈♣♣♣≈.S♣♣
#.~≈♣ ♣≈S≈♣ ≈.≈♣
#..≈♣♣♣≈.≈♣♣♣≈~≈♣
#..≈≈≈≈≈.S≈≈≈≈.≈≈≈
#....~....S..~~~ .
#..≈≈≈≈≈~≈≈≈≈≈~≈
#.(S♣♣♣≈~≈♣♣♣≈~≈
#.@≈♣ ♣≈~≈♣ ≈.≈
#.~≈♣ ♣≈~≈♣ ~≈
#..≈≈≈≈≈~≈≈≈
#..~~..~~.~~~
#.......#####
#########


You could see 3 electric eels.

Vanquished Creatures
  Pikel (D:5)
  Prince Ribbit (D:6)
  A water moccasin (D:5)
  An orc warrior (D:6)
  A sky beast (D:5)
  2 centaurs (D:5)
  3 ogres (D:5)
  4 lemures (D:5)
  A kobold brigand (D:6)
  An elf zombie (Ossuary)
  A gnoll sergeant (D:6)
  3 scorpions (D:5)
  2 howler monkeys
  2 electric eels (D:6)
  2 bombardier beetles
  6 jellies
  A centaur zombie (Ossuary)
  A gnoll bouda (D:5)
  A hound (D:5)
  A sleepcap (D:4)
  2 iguanas
  An orc wizard (D:4)
  4 ogre zombies (Ossuary)
  8 mummies
  10 gnolls
  12 adders
  A shadow imp (D:5)
  2 ufetubi (D:6)
  4 adder zombies (Ossuary)
  3 dart slugs
  2 ribbon worms (D:2)
  17 orcs
  7 endoplasms
  14 giant cockroaches
  3 goblins
  6 hobgoblins
  7 jackals
  9 kobolds
  3 quokkas
  5 ball pythons
  3 bats (D:3)
  A frilled lizard (D:2)
  A goblin zombie (Ossuary)
  3 hobgoblin zombies (Ossuary)
  8 kobold zombies (Ossuary)
  3 quokka zombies (Ossuary)
  A rat (D:3)
  5 rat zombies (Ossuary)
181 creatures vanquished.

Vanquished Creatures (others)
  An orc wizard (D:4)
  An adder (D:6)
2 creatures vanquished.

Grand Total: 183 creatures vanquished

Notes
Turn   | Place    | Note
-------+----------+-------------------------------------------
     0 | D:1      | michi1438 the Hill Orc Fighter began the quest for the Orb.
     0 | D:1      | Reached XP level 1. HP: 19/19 MP: 1/1
   196 | D:1      | You fall into a shaft and drop 1 floor!
   217 | D:2      | Reached XP level 2. HP: 27/27 MP: 2/2
   377 | D:2      | Reached skill level 3 in Axes
   553 | D:2      | Reached XP level 3. HP: 16/33 MP: 3/3
   755 | D:2      | Identified the +1 helmet "Plog" {Rampage rCorr MP+9 Str-4}
  1414 | D:3      | Found a radiant altar of Vehumet.
  1451 | D:3      | Reached skill level 4 in Axes
  1562 | D:3      | Reached XP level 4. HP: 40/40 MP: 4/4
  1732 | D:3      | Identified the +0 leather armour "Wynler" {+Inv rC+ Regen+
                  | Stlth-}
  1753 | D:3      | Reached XP level 5. HP: 47/47 MP: 5/5
  1948 | D:3      | Found a glowing golden altar of the Shining One.
  2143 | D:3      | Found a basalt altar of Yredelemnul.
  2273 | D:3      | Reached skill level 5 in Axes
  2464 | D:4      | Found a sand-covered staircase.
  2526 | Ossuary  | Entered an ossuary
  2604 | Ossuary  | Gained mutation: You sometimes lose your temper in combat.
                  | [potion of mutation]
  2604 | Ossuary  | Gained mutation: Your skin changes colour to match your
                  | surroundings (Stealth+). [potion of mutation]
  2608 | Ossuary  | Reached XP level 6. HP: 13/53 MP: 6/6
  2610 | Ossuary  | Reached skill level 6 in Axes
  2679 | Ossuary  | Reached skill level 5 in Fighting
  2896 | Ossuary  | Reached skill level 7 in Axes
  2896 | Ossuary  | Reached XP level 7. HP: 61/61 MP: 7/7
  3177 | D:4      | Found a snail-covered altar of Cheibriados.
  3186 | D:4      | Reached skill level 1 in Dodging
  3256 | D:4      | Became a worshipper of Beogh the Brigand
  3705 | D:5      | Entered Level 5 of the Dungeon
  3711 | D:5      | Identified the +0 pair of gloves of Maobros {Rampage rPois
                  | rF++}
  3715 | D:5      | Reached skill level 8 in Axes
  3722 | D:5      | Reached XP level 8. HP: 27/70 MP: 8/8
  3990 | D:5      | Reached skill level 9 in Axes
  4221 | D:5      | Noticed Pikel
  4225 | D:5      | Killed Pikel
  4225 | D:5      | Reached * piety under Beogh
  4226 | D:5      | Reached skill level 11 in Axes
  4226 | D:5      | Reached skill level 1 in Throwing
  4226 | D:5      | Reached skill level 5 in Armour
  4226 | D:5      | Reached XP level 9. HP: 44/78 MP: 9/9
  4365 | D:5      | Reached skill level 1 in Stealth
  4530 | D:6      | Reached skill level 12 in Axes
  4576 | D:6      | Found a staircase to the Ecumenical Temple.
  4648 | D:6      | Found a hide-covered altar of Uskayaw.
  4764 | D:6      | Found a sparkling altar of Nemelex Xobeh.
  4834 | D:6      | Noticed Prince Ribbit
  4846 | D:6      | Killed Prince Ribbit
  4847 | D:6      | Reached skill level 1 in Invocations
  4871 | D:6      | Identified a scroll of acquirement
  4873 | D:6      | Acquired the +9 broad axe "Utymp" {freeze, SInv}
  4983 | D:6      | Reached ** piety under Beogh
  5042 | D:6      | HP: 3/79 [electric eel/bolt of electricity (9)]
  5043 | D:6      | Killed from afar by an electric eel

Illustrated notes

Levels and vault maps discovered:
D:1:      wander_arrival_peaceful_grave, layout_basic
D:2:      layout_basic
D:3:      minmay_roachtagon, layout_loops_corners, overflow_temple_1_default,
          lemuel_round_altar, mainiacjoe_overflow_catwalk, nicolae_half_adder
D:4:      layout_basic, mainiacjoe_overflow_24_doors, gup_ossuary_entry_pyramid,
          kennysheep_decorative_pillar, kennysheep_generic_room_2
D:5:      minmay_razor_zed, layout_rooms, uniq_pikel
D:6:      layout_loops_ring, mainiacjoe_overflow_surrounded_room,
          mainiacjoe_overflow_six_doors_small, mainiacjoe_overflow_brackets,
          minmay_temple_entry_fiery, kennysheep_boxes, uniq_prince_ribbit1

Skill      XL: |  1  2  3  4  5  6  7  8  9 |
---------------+----------------------------+-----
Fighting       | 4 5 6 7 |  7.2
Axes           | 3 4 5 7 8 11 12 | 12.6
Armour         | 4 5 |  5.6
Dodging        | 2 3 |  3.3
Shields        | 4 |  4.7
Throwing       | 1 |  1.2
Stealth        | 1 |  1.1
Invocations    | 2 |  2.0

Action                     |  1- 3 |  4- 6 |  7- 9 || total
---------------------------+-------+-------+-------++-------
  Melee: War axe           |    85 |   162 |   208 ||   455
         Broad axe         |       |       |     7 ||     7
  Throw: Dart              |    10 |     1 |     4 ||    15
 Invoke: Convert to Beogh  |       |       |     1 ||     1
    Use: Scroll            |       |     5 |    10 ||    15
         Potion            |       |     3 |     3 ||     6
   Stab: Distracted        |       |       |     1 ||     1
 Armour: Scale mail        |    59 |     9 |       ||    68
         Leather armour    |       |    78 |   163 ||   241
  Dodge: Dodged            |    47 |    89 |   108 ||   244
  Block: Buckler           |    14 |    21 |    33 ||    68
